 Dungeon Crawl Stone Soup version 0.29-a0-8-g0446c0dae4 (webtiles) character file.

Game seed: 6995324531177726841

64 testman the Cudgeller (level 3, -1/55 HPs)
             Began as a Troll Berserker on Jan 27, 2022.
             Was a Follower of Trog.
             Succumbed to Terence's poison
             ... on level 2 of the Dungeon.
             The game lasted 00:01:58 (1305 turns).

testman the Cudgeller (Troll Berserker)             Turns: 1305, Time: 00:01:59

Health: -1/55      AC:  4    Str: 27    XL:     3   Next: 91%
Magic:  2/2        EV: 10    Int:  3    God:    Trog [*.....]
Gold:   47         SH:  0    Dex:  9    Spells: 2/2 levels left

rFire   . . .      SeeInvis .   a - +0 mace
rCold   . . .      Faith    .   (no shield)
rNeg    . . .      Spirit   .   b - +0 animal skin
rPois   .          Reflect  .   (helmet restricted)
rElec   .          Harm     .   (no cloak)
rCorr   .          Rampage  .   (gloves unavailable)
Will    .....                   (boots unavailable)
Stlth   ..........              (no amulet)
HPRegen 0.98/turn               (no ring)
MPRegen 0.08/turn               (no ring)

@: berserking (expiring), lethally poisoned (-1 -> -10), very quick
A: large, unfitting armour, claws 3, regeneration 1, shaggy fur 1, tough skin 1
a: Renounce Religion, Berserk


You were on level 2 of the Dungeon.
You worshipped Trog.
Trog was aware of your devotion.
You visited 1 branch of the dungeon, and saw 2 of its levels.

You collected 47 gold pieces.

Inventory:

Hand Weapons
 a - a +0 mace (weapon)
Missiles
 d - 6 stones (quivered)
Armour
 b - a +0 animal skin (worn)
Scrolls
 c - 2 scrolls of identify {unknown}
Potions
 e - a potion of degeneration {unknown}
 f - a potion of ambrosia {unknown}


   Skills:
 + Level 3.3 Fighting
 + Level 3.6 Maces & Flails
 - Level 2.4 Dodging


You had 2 spell levels left.
You didn't know any spells.
Your spell library was empty.

Dungeon Overview and Level Annotations

Branches:
Dungeon (2/15)

Altars:

Shops:
D:1 *


Innate Abilities, Weirdness & Mutations

You are too large for most types of armour.
You have claws for hands.
Your natural rate of healing is unusually fast.
You are covered in fur. (AC +1)
You have tough skin. (AC +1)


Message History

Terence hits you with a +3 trident of venom!
You are poisoned.
You hit Terence but do no damage.
You feel very sick. Terence barely misses you. Terence misses you.
You hit Terence but do no damage.
You feel sick. Terence barely misses you.
You hit Terence but do no damage. Your claw misses Terence.
You feel sick.
Terence hits you with a +3 trident of venom.
You are more poisoned.
You closely miss Terence.
You feel very sick.
Terence hits you with a +3 trident of venom.
You are lethally poisoned!
A red film seems to cover your vision as you go berserk!
You feel yourself moving faster!
You feel mighty!
You feel very sick.
Terence hits you with a +3 trident of venom.
* * * LOW HITPOINT WARNING * * *
You are lethally poisoned!
You are too injured to fight recklessly!
You are too injured to fight recklessly!
You are too injured to fight recklessly!
You are too injured to fight recklessly!
You sock Terence!
Terence is heavily wounded.
* * * LOW HITPOINT WARNING * * *
You feel very sick. Terence closely misses you.
You thump Terence!
You kill Terence!
Trog accepts your kill.
* * * LOW HITPOINT WARNING * * *
You feel very sick.
* * * LOW HITPOINT WARNING * * *
You feel very sick.
Things that are here:
a +3 trident of venom; a +0 chain mail You are too berserk!
You feel a strong urge to attack something.
You die...

###.#...
############...#...
#............#####.
#..#########...#...
#.†# ###.#.## #..#
#...# #..# #####
#..# #.@# #.)# #..#
#[.# ##.# #.# #.#
#.# #..


There were no monsters in sight!

Vanquished Creatures
  Terence (D:2)
  A worm (D:2)
  2 dart slugs
  6 bats
  An endoplasm (D:1)
  2 giant cockroaches
  2 goblins (D:1)
  3 hobgoblins (D:1)
  2 kobolds
  3 ball pythons
  2 frilled lizards (D:2)
  7 rats
32 creatures vanquished.

Notes
Turn   | Place    | Note
-------+----------+-------------------------------------------
     0 | D:1      | testman the Troll Berserker began the quest for the Orb.
     0 | D:1      | Reached XP level 1. HP: 22/22 MP: 0/0
   286 | D:1      | Reached XP level 2. HP: 29/29 MP: 1/1
   291 | D:1      | Found Esmidgh's Assorted Antiques.
  1017 | D:2      | Reached XP level 3. HP: 37/37 MP: 2/2
  1292 | D:2      | Noticed Terence
  1303 | D:2      | Killed Terence
  1304 | D:2      | HP: 1/55 [poisoned by Terence]
  1305 | D:2      | Succumbed to Terence's poison

Illustrated notes

Levels and vault maps discovered:
D:1:      sevenhm_arrival_forest_fort_large_2, layout_basic, serial_shops, shop
D:2:      layout_loops_ring, uniq_terence

Skill      XL: |  1  2 |
---------------+-------+-----
Maces & Flails | 3 |  3.6
Fighting       | 3 |  3.3
Dodging        | |  2.4

Action                   || total
-------------------------++-------
Melee: Mace              ||    97
Invok: Berserk           ||     1
 Stab: Sleeping          ||     1
Armor: Animal skin       ||    49
Dodge: Dodged            ||    61

Table legend: (Time is in decaauts)
 A = Elapsed time spent in this place.
 B = Non-inter-level travel time spent in this place.
 C = Inter-level travel time spent in this place.
 D = Time resting spent in this place.
 E = Time spent auto-exploring this place.
 F = Levels seen in this place.
 G = Mean time per level.
                   A        B        C        D        E       F      G
               +--------+--------+--------+--------+--------+-----+--------+
         Total |   1328 |   1285 |     43 |     19 |   1028 |   2 |  664.0 |
       Dungeon |   1328 |   1285 |     43 |     19 |   1028 |   2 |  664.0 |
               +--------+--------+--------+--------+--------+-----+--------+

Top non-repeatable levels by time:
     D:1: 970 daAuts
     D:2: 357 daAuts
